 Dungeon Crawl Stone Soup version 0.18-a0-1372-gd644665 (webtiles) character file.

2579 telcontar the Protected (level 9, 0/79 HPs)
             Began as a Minotaur Fighter on Feb 18, 2016.
             Was a Believer of the Shining One.
             Killed from afar by an orc wizard (7 damage)
             ... with a magic dart
             ... on level 8 of the Dungeon on Feb 21, 2016.
             The game lasted 00:59:32 (6145 turns).

telcontar the Protected (Minotaur Fighter)          Turns: 6145, Time: 00:59:32

Health: 0/79       AC: 12    Str: 24    XL:     9   Next: 32%
Magic:  8/8        EV:  8    Int:  5    God:    the Shining One [**....]
Gold:   341        SH: 11    Dex: 10    Spells: 0 memorised, 8 levels left

rFire  . . .     SeeInvis .     W - +3 hand axe (chop)
rCold  . . .     Gourm    +     R - +0 chain mail
rNeg   + . .     Faith    .     c - +0 shield
rPois  .         Spirit   .     (helmet restricted)
rElec  .         Dismiss  .     U - +0 cloak
rCorr  .         Reflect  .     (no gloves)
SustAt .         Harm     .     (no boots)
MR     .....                    h - amulet of the gourmand
Stlth  ..........               (no ring)
                                (no ring)

@: glowing, not resistant to hostile enchantments, extremely unstealthy
A: retaliatory headbutt, horns 2
a: Divine Shield, Renounce Religion


You were on level 8 of the Dungeon.
You worshipped the Shining One.
The Shining One was pleased with you.
You were completely stuffed.

You visited 2 branches of the dungeon, and saw 9 of its levels.
You also visited: Ossuary.

You collected 620 gold pieces.
You spent 279 gold pieces at shops.

Inventory:

Hand Weapons
 a - a +2 war axe
 A - a +2 hand axe of electrocution
 C - a +2 hunting sling of flaming
 E - a +2 scythe of flaming
 H - a +1 mace of protection
 I - a +0 trident
 L - a +0 giant spiked club
 Q - a +1 dagger of venom
 W - a +3 hand axe of chopping (weapon)
Missiles
 n - 3 poisoned needles
 q - 19 poisoned bolts
 z - 30 arrows
 D - 89 stones
 J - 5 tomahawks (quivered)
Armour
 c - a +0 shield (worn)
 x - a +1 leather armour of cold resistance
 K - a +1 robe of resistance
 R - a +0 chain mail (worn)
 U - a +0 cloak (worn)
Jewellery
 g - an uncursed amulet of magic regeneration
 h - an amulet of the gourmand (around neck)
 v - an uncursed ring of teleportation
Wands
 F - a wand of polymorph (9/24)
Scrolls
 b - a scroll of immolation {unknown}
 e - a scroll of identify
 l - 3 scrolls of random uselessness {unknown}
 o - 5 scrolls of remove curse
 p - 2 scrolls of amnesia {unknown}
 r - 3 scrolls of teleportation
 w - a scroll of fog
 y - 3 scrolls of magic mapping
 P - a scroll of enchant weapon
 X - a scroll of recharging {unknown}
 Y - a scroll of vulnerability {unknown}
Potions
 d - a potion of might
 i - 4 potions of curing
 j - a potion of magic {unknown}
 k - a potion of cure mutation
 m - a potion of lignification {unknown}
 s - a potion of brilliance {unknown}
 t - a potion of berserk rage {unknown}
 B - 2 potions of heal wounds
 G - a potion of degeneration {unknown}
 M - 2 potions of haste {unknown}
 N - 3 potions of ambrosia
 O - a potion of agility
 V - 2 potions of resistance
Comestibles
 f - 3 bread rations
 u - 2 beef jerkies
 S - a meat ration
 Z - 3 chunks of flesh


   Skills:
 + Level 7.5 Fighting
 + Level 6.4(6.7) Axes
 + Level 2.9(5.0) Maces & Flails
 + Level 0.6 Throwing
 + Level 8.4 Armour
 + Level 4.4 Dodging
 + Level 0.8 Stealth
 + Level 8.2 Shields


You had 8 spell levels left.
You didn't know any spells.

Dungeon Overview and Level Annotations

Branches:
Dungeon (8/15)             Temple (1/1) D:6            Lair (0/8) D:8

Altars:
Ashenzari
Dithmenos
Elyvilon
Fedhas
Kikubaaqudgha
Nemelex Xobeh
Okawaru
Qazlal
Ru
Sif Muna
Xom
Yredelemnul
Zin
The Shining One

Shops:
D:4 !   D:7 (


Innate Abilities, Weirdness & Mutations

You reflexively headbutt those who attack you in melee.
You have a pair of horns on your head.


Message History

The orc priest calls upon Beogh to heal the orc warrior.
The orc warrior's wounds heal themselves!
You hit the orc warrior but do no damage.
You block the orc warrior's attack.
You hit the orc warrior but do no damage.
You headbutt the orc warrior, but do no damage.
The orc warrior hits you with a glaive!
* * * LOW HITPOINT WARNING * * *
You hit the orc warrior.
The orc warrior is lightly wounded.
You hit the orc warrior.
The orc warrior is lightly wounded.
You block the orc warrior's attack. You block the orc warrior's attack.
The orc priest calls down the wrath of Beogh upon you.
Beogh smites you!
* * * LOW HITPOINT WARNING * * *
A magic dart appears from out of thin air!
The magic dart hits you!
You die...

#.............#
#.............##
#..............# ##.
##..##..............# ....
#....##..........o..####.....
##....##...........#.$#.......
#......#..........####o..#
#......#........o## #.....#
#...........<@....##.......#
#...........#..#..##.......#
#..........######....P.......
#..........# #............
##.........# #.....>......
#........## ##...........
##.......# .. #..(....#
#.......#


You could see an orc warrior and an orc priest.

Vanquished Creatures
  Joseph (D:7)
  Sigmund (D:6)
  Eustachio (D:5)
  2 wargs (D:8)
  Duvessa (D:7)
  2 sky beasts
  An ice beast (D:8)
  2 phantoms (D:8)
  2 ogres (D:7)
  2 giant frogs
  Dowan (D:7)
  2 scorpions (D:4)
  A centaur zombie (D:5)
  3 orc priests
  3 hounds
  2 orc wizards
  An iguana (D:6)
  5 worker ants
  A hound skeleton (D:4)
  8 mummies (Ossuary)
  Robin (D:3)
  3 gnolls (D:6)
  4 adders
  An ooze (D:4)
  4 worms
  6 giant geckos
  16 orcs
  8 bats
  4 giant cockroaches
  A gnoll zombie (Ossuary)
  13 goblins
  8 hobgoblins
  6 jackals
  4 kobolds
  6 quokkas
  2 ball pythons
  4 giant newts
  5 hobgoblin zombies (Ossuary)
  A jackal zombie (D:7)
  A kobold zombie (Ossuary)
  An orc zombie (Ossuary)
  A quokka zombie (D:5)
  9 rats
151 creatures vanquished.

Notes
Turn   | Place    | Note
--------------------------------------------------------------
     0 | D:1      | telcontar the Minotaur Fighter began the quest for the Orb.
     0 | D:1      | Reached XP level 1. HP: 19/19 MP: 0/0
   338 | D:1      | Reached XP level 2. HP: 27/27 MP: 1/1
   435 | D:1      | Reached skill level 4 in Fighting
   625 | D:2      | Reached XP level 3. HP: 29/33 MP: 2/2
  1054 | D:2      | Reached XP level 4. HP: 38/41 MP: 3/3
  1147 | D:3      | Found a faded altar to an unknown god.
  1157 | D:3      | Became a worshipper of Ashenzari the Shackled
  1157 | D:3      | Reached * piety under Ashenzari
  1179 | D:3      | Found a sacrificial altar of Ru.
  1244 | D:3      | Reached skill level 1 in Dodging
  1433 | D:3      | Found an iron altar of Okawaru.
  1507 | D:3      | Noticed Robin
  1523 | D:3      | Reached skill level 5 in Shields
  1533 | D:2      | Reached XP level 5. HP: 6/47 MP: 4/4
  1899 | D:3      | Killed Robin
  2128 | D:4      | Found Onaefasi's Distillery.
  2188 | D:4      | Reached skill level 5 in Fighting
  2241 | D:4      | Reached XP level 6. HP: 53/56 MP: 5/5
  2305 | D:4      | Found a glowing golden altar of the Shining One.
  2324 | D:4      | Fell from the grace of Ashenzari
  2324 | D:4      | Became a worshipper of the Shining One
  2515 | D:4      | Reached skill level 5 in Armour
  2966 | D:5      | Entered Level 5 of the Dungeon
  3040 | D:5      | Found a sand-covered staircase.
  3061 | Ossuary  | Entered an ossuary
  3080 | Ossuary  | Reached * piety under the Shining One
  3270 | Ossuary  | Reached XP level 7. HP: 25/61 MP: 6/6
  3569 | D:5      | Reached skill level 6 in Shields
  3791 | D:5      | Reached skill level 5 in Axes
  3844 | D:5      | Noticed Eustachio
  3873 | D:5      | Killed Eustachio
  3873 | D:5      | Was forgiven by Ashenzari
  4415 | D:6      | Found a glowing silver altar of Zin.
  4461 | D:6      | Noticed Sigmund
  4465 | D:6      | Killed Sigmund
  4465 | D:6      | Reached XP level 8. HP: 63/70 MP: 7/7
  4573 | D:6      | Reached skill level 7 in Armour
  4665 | D:6      | Found a staircase to the Ecumenical Temple.
  4685 | Temple   | Entered the Ecumenical Temple
  4986 | D:7      | Noticed Joseph
  4986 | D:7      | Noticed Duvessa
  5005 | D:7      | Killed Joseph
  5012 | D:7      | Killed Duvessa
  5014 | D:7      | Noticed Dowan
  5030 | D:7      | Killed Dowan
  5069 | D:7      | Reached ** piety under the Shining One
  5069 | D:7      | Reached skill level 1 in Maces & Flails
  5537 | D:7      | Found a basalt altar of Yredelemnul.
  5546 | D:7      | Reached skill level 8 in Armour
  5598 | D:7      | Upgraded the game from 0.18-a0-1350-g404b4cb to 0.18-a0-1372-gd644665
  5821 | D:7      | Found Qidih's Weapon Shop.
  5830 | D:7      | Reached XP level 9. HP: 71/79 MP: 8/8
  5856 | D:7      | Bought a +3 hand axe of chopping for 279 gold pieces
  6100 | D:8      | Found a staircase to the Lair.
  6145 | D:8      | Killed from afar by an orc wizard

Vault maps used:
D:1:      minmay_arrival_five_plusses, minmay_misc_feat_five
D:3:      nicolae_ru_awakened_eye, ecumenical_altar_1,
          okawaru_ov_weapons_minmay, uniq_robin
D:4:      overflow_temple_1_default, makhleb_blood_cavern_becter, serial_shops,
          shop
D:5:      nicolae_ossuary_entry_false_entrances, first_bread, uniq_eustachio
D:6:      lightli_temple_of_fire, overflow_temple_1_default,
          minmay_temple_entry_statues_fountains, uniq_sigmund
D:7:      old_standard_altar, cheibriados_altar_wand_db, serial_shops,
          kennysheep_little_box, uniq_joseph, uniq_duvessa
D:8:      grunt_temple_overflow_open, erik_lair_orcish_takeover
Temple:   jpeg_temple_clearing_9
Ossuary:  ossuary_tomb_3

Action                   |  1- 3 |  4- 6 |  7- 9 || total
-------------------------+-------+-------+-------++-------
Melee: War axe           |    96 |   154 |    65 ||   315
       Mace              |       |       |    82 ||    82
       Hand axe          |       |       |    52 ||    52
Throw: Tomahawk          |       |     1 |     6 ||     7
Invok: Curse Item        |       |     1 |       ||     1
  Use: Scroll            |     4 |     9 |     5 ||    18
       Potion            |       |       |     3 ||     3
  Eat: Chunk             |       |    10 |    16 ||    26
